Map: Lost and Found LE

Players

Pure

  • Race: Protoss Protoss
  • Spawn Location: 1:00

Cuddlebear - Winner!

  • Race: Terran Terran
  • Spawn Location: 7:00

Event: WCS Montreal 2018

VOD

Have the link to the VOD?

Description

Time

  • Played on: Sept. 7, 2018, 12:24 p.m.
  • Length: 7:06

All games in this series

Show
View Real Time Build Order
Export as new Build Order

Pure Protoss 

Build Orders: 1 Gate Expand 

Get SALT Encoding   

  12  0:01  Probe  
  13  0:13  Probe  
  14  0:17  Pylon  
  14  0:23  Probe  
  15  0:32  Probe  
  15  0:37  Gateway  
  15  0:40  Probe  
  16  0:45  Assimilator  
  17  0:51  Probe  
  18  1:03  Probe  
  18  1:11  Probe  
  20  1:20  Probe  
  21  1:32  Nexus  
  21  1:37  Cybernetics Core  
  21  1:38  Probe  
  22  1:44  Pylon  
  22  1:52  Assimilator  
  22  1:54  Probe  
  23  2:06  Probe  
  24  2:15  Adept  
  26  2:16  Warp Gate  
  26  2:20  Probe  
  27  2:28  Robotics Facility  
  27  2:32  Probe  
  28  2:50  Stalker  
  27  2:52  Probe  
  27  2:53  Probe  
  29  3:04  Probe  
  29  3:05  Probe  
  32  3:16  Probe  
  33  3:24  Warp Prism  
  33  3:25  Probe  
  35  3:28  Pylon, Probe  
  36  3:37  Probe  
  36  3:40  Probe  
  38  3:48  Stalker  
  38  3:49  Gateway x2, Probe  
  38  3:52  Shield Battery  
  38  3:53  Probe  
  42  4:00  Shield Battery  
  42  4:01  Probe, Observer  
  44  4:06  Probe  
  45  4:13  Robotics Bay, Probe  
  46  4:19  Probe  
  47  4:24  Observer  
  47  4:25  Probe  
  47  4:28  Assimilator  
  47  4:31  Probe  
  50  4:34  Assimilator  
  50  4:37  Probe  
  51  4:44  Probe, Observer  
  52  4:52  Pylon  
  53  4:53  Pylon  
  53  4:55  Pylon, Probe  
  54  5:09  Disruptor, Twilight Council  
  54  5:10  Stalker, Probe  
  54  5:11  Stalker  
  54  5:12  Zealot  
  64  5:14  Probe  
  65  5:22  Probe  
  66  5:32  Probe  
  66  5:34  Stalker x2, Probe  
  66  5:35  Stalker  
  61  5:57  Stalker x2  
  61  5:58  Stalker  
  62  6:07  Probe x2  
  60  6:17  Disruptor  
  53  6:24  Stalker  
  55  6:26  Zealot  
  55  6:27  Probe  
  55  6:28  Probe  
  57  6:34  Stalker  
  57  6:40  Probe x2  
  58  6:52  Probe  
Show
View Real Time Build Order
Export as new Build Order

Cuddlebear Terran - Winner!

Build Orders: Reaper Expand, MMM Bio 

Get SALT Encoding   

  12  0:00  SCV  
  13  0:15  SCV  
  13  0:20  Supply Depot  
  14  0:27  SCV  
  15  0:42  SCV  
  16  0:44  Barracks  
  16  0:49  Refinery  
  16  0:54  SCV  
  17  1:06  SCV  
  18  1:18  SCV  
  19  1:32  Orbital Command  
  19  1:33  Reaper  
  20  1:44  Command Center  
  20  1:55  Barracks  
  20  1:58  SCV  
  21  2:05  Barracks Reactor  
  21  2:10  Supply Depot  
  21  2:14  SCV  
  22  2:18  Refinery  
  22  2:26  SCV  
  23  2:30  Factory  
  23  2:38  SCV  
  24  2:47  Marine  
  24  2:48  Barracks Tech Lab, Marine  
  24  2:51  SCV  
  27  2:57  Orbital Command  
  27  3:03  SCV  
  28  3:05  Marine x2  
  28  3:12  Marine  
  31  3:15  SCV  
  32  3:20  Stimpack  
  32  3:24  Marine x2  
  34  3:27  SCV x2  
  36  3:35  Starport  
  36  3:36  Factory Reactor, Marine  
  36  3:39  SCV  
  38  3:41  SCV  
  38  3:42  Marine  
  38  3:46  Marine  
  41  3:50  Supply Depot  
  41  3:51  SCV  
  41  3:54  SCV  
  41  3:55  Engineering Bay  
  43  3:58  Marine  
  44  4:03  SCV  
  44  4:04  Marine  
  46  4:12  SCV  
  46  4:15  SCV  
  48  4:18  Marine  
  48  4:19  Marine  
  48  4:22  Medivac x2  
  54  4:24  SCV, Factory Tech Lab  
  54  4:27  Refinery  
  54  4:31  Supply Depot  
  54  4:32  Terran Infantry Weapons Level 1  
  54  4:33  SCV  
  54  4:36  SCV, Supply Depot  
  54  4:37  Marine x3  
  60  4:45  SCV  
  60  4:50  SCV  
  61  4:53  Supply Depot  
  61  4:55  Siege Tank  
  61  4:57  SCV, Barracks  
  65  5:02  SCV, Marine  
  65  5:06  Marine x2  
  69  5:12  Supply Depot  
  71  5:16  SCV  
  71  5:20  Combat Shields  
  70  5:22  SCV  
  70  5:23  Marine  
  70  5:24  Marine  
  70  5:25  Marine  
  70  5:28  SCV  
  75  5:32  Siege Tank  
  75  5:34  SCV  
  79  5:40  SCV  
  78  5:46  SCV  
  79  5:50  Marine x2  
  79  5:52  SCV, Marine x3  
  79  5:53  Medivac  
  87  5:59  SCV  
  87  6:04  SCV  
  87  6:08  Marine  
  87  6:09  Marine  
  87  6:10  Marine x2, Siege Tank  
  87  6:11  SCV  
  90  6:16  SCV  
  91  6:19  Marine  
  91  6:23  SCV  
  90  6:26  Marine x2  
  90  6:28  SCV, Marine  
  90  6:32  Starport Reactor  
  94  6:42  Supply Depot  
  94  6:44  Marine  
  94  6:45  Refinery, Supply Depot  
  96  6:47  Command Center  
  94  6:55  Command Center  
Tags
 
Add a new tag
Caveats
  • Supply blocks, unpowered buildings, or Contaminate may cause inaccurate times.
  • Supply counts are checked every 10 seconds.